 Dungeon Crawl Stone Soup version 0.18-a0-1358-gd0e7041 (webtiles) character file.

207839 MackTheKnife the Spry (level 19, -1/137 HPs)
             Began as a Halfling Wanderer on Feb 13, 2016.
             Was the Champion of Zin.
             Slain by a manticore (17 damage)
             ... on level 4 of the Shoals on Feb 20, 2016.
             The game lasted 01:40:59 (37070 turns).

MackTheKnife the Spry (Halfling Wanderer)          Turns: 37070, Time: 01:40:59

Health: -1/137     AC: 31    Str: 13    XL:     19   Next: 48%
Magic:  26/28      EV: 25    Int: 10    God:    Zin [******]
Gold:   1242       SH: 12    Dex: 22    Spells: 1 memorised, 16 levels left

rFire  + + +     SeeInvis +     a - +6 short sword (elec)
rCold  . . .     Gourm    .     X - +8 fire dragon armour "Buipacsium" {+Fly rF++ rC- SInv, rF++, rC-}
rNeg   . . .     Faith    .     H - +0 buckler {rF+}
rPois  +         Spirit   .     m - +0 helmet
rElec  .         Dismiss  .     e - +0 cloak
rCorr  .         Reflect  +     T - +2 pair of gloves {archery}
SustAt .         Harm     .     C - +2 pair of boots
MR     +....                    q - +4 amulet of reflection
Stlth  +++++.....               h - ring of poison resistance {rPois, !d}
                                i - ring of protection from cold {rC+, !d}

@: mesmerised, very slightly contaminated, studying Short Blades, drained,
somewhat resistant to hostile enchantments, quite stealthy
A: mutation resistance 1
a: Recite, Vitalisation, Imprison, Sanctuary, Donate Gold, Cure All Mutations,
Renounce Religion, Evoke Flight
}: 1/15 runes: barnacled


You were on level 4 of the Shoals.
You worshipped Zin.
Zin was exalted by your worship.
You were not hungry.

You visited 7 branches of the dungeon, and saw 34 of its levels.
You visited the Abyss 2 times.
You also visited: Labyrinth, Sewer and Volcano.

You collected 4043 gold pieces.
You spent 2552 gold pieces at shops.
You donated 249 gold pieces to Zin.

Inventory:

Hand Weapons
 a - a +6 short sword of electrocution (weapon)
   (You found it on level 1 of the Dungeon)
Armour
 e - a +0 cloak (worn)
   (You found it on level 1 of the Dungeon)
 m - a +0 helmet (worn)
   (You found it on level 3 of the Elven Halls)
 C - a +2 pair of boots (worn)
   (You found it on level 8 of the Lair of Beasts)
 H - a +0 buckler of fire resistance (worn)
   (You found it in a volcano)
 T - a +2 pair of gloves of archery (worn)
   (You found it on level 2 of the Lair of Beasts)
 X - the +8 fire dragon armour "Buipacsium" (worn) {+Fly rF++ rC- SInv, rF++, rC-}
   (You bought it in a shop on level 2 of the Orcish Mines)

   It greatly protects you from fire.
   It makes you vulnerable to cold.
   It lets you see invisible.
   It lets you fly.
Rods
 b - a +4 rod of ignition (13/13) {!a}
   (You found it on level 3 of the Elven Halls)
 j - a +0 iron rod (10/10)
   (You found it on level 13 of the Dungeon)
Jewellery
 h - a ring of poison resistance (right hand) {rPois, !d}
   (You took it off a deep elf blademaster on level 3 of the Elven Halls)
 i - a ring of protection from cold (left hand) {rC+, !d}
   (You found it on level 1 of the Dungeon)
 q - a +4 amulet of reflection (around neck)
   (You found it on level 1 of the Dungeon)
 x - an uncursed amulet of regeneration {+regen, !d}
   (You found it on level 2 of the Dungeon)
 E - the ring "Nuluab" {rN+ Int+6}
   (You took it off a deep elf master archer on level 3 of the Elven Halls)

   [ring of intelligence]

   It affects your intelligence (+6).
   It protects you from negative energy.
 M - an uncursed ring of flight {+Fly, !d}
   (You found it on level 8 of the Lair of Beasts)
 S - an uncursed ring of protection from magic {MR+, !d}
   (You found it on level 3 of the Elven Halls)
Wands
 v - a wand of disintegration (8/24)
   (You found it on level 12 of the Dungeon)
 G - a wand of disintegration (15/24)
   (You found it on level 3 of the Elven Halls)
 Q - a wand of digging (0/24)
   (You found it on level 9 of the Dungeon)
 U - a wand of acid (12/15)
   (You found it on level 3 of the Lair of Beasts)
 V - a wand of paralysis (12/24)
   (You found it on level 3 of the Lair of Beasts)
Scrolls
 g - 3 scrolls of recharging
 o - 3 scrolls of immolation {!r}
 t - 5 scrolls of remove curse
 y - 3 scrolls of enchant armour
 A - 3 scrolls of blinking {!r}
 B - 2 scrolls of teleportation
 F - a scroll of silence
 J - 5 scrolls of fog
 L - 2 scrolls of magic mapping {!r}
 P - 3 scrolls of identify
 Y - 5 scrolls of fear
Potions
 k - 3 potions of cancellation
 l - a potion of might
 n - a potion of resistance
 p - a potion of haste
 r - 6 potions of flight
 w - 7 potions of ambrosia {!q}
 D - a potion of invisibility
 I - 8 potions of curing
 K - a potion of magic
 O - 6 potions of brilliance
 R - 5 potions of heal wounds
 Z - a potion of cure mutation {!q}
Books
 c - a manual of Short Blades {!d}
   (You found it on level 3 of the Elven Halls)
Miscellaneous
 d - a phial of floods
   (You found it on level 3 of the Elven Halls)
Comestibles
 f - 13 bread rations {@e1}
 s - 5 beef jerkies
 u - 7 meat rations {@e2}
 z - 35 fruits


   Skills:
 - Level 14.7(14.3) Fighting
 + Level 16.5(16.1) Short Blades
   Level 2.4(2.1) Bows
 - Level 13.6(13.3) Armour
 - Level 17.4(17.0) Dodging
 - Level 12.2(11.9) Stealth
 - Level 8.9(8.6) Shields
 - Level 13.1(12.8) Invocations
 - Level 1.0(0.7) Evocations


You had 16 spell levels left.
You knew the following spells:

 Your Spells              Type           Power        Failure   Level  Hunger
s - Swiftness             Chrm/Air       #.......     99%         2    ###....


Dungeon Overview and Level Annotations

Branches:
Dungeon (15/15)            Temple (1/1) D:7            Lair (8/8) D:11
 Shoals (4/4) Lair:5        Snake (1/4) Lair:4        Slime (0/6) Lair:7
    Orc (2/2) D:12            Elf (3/3) Orc:2        Vaults (0/5) D:14
 Depths (0/5) D:15

Altars:
Ashenzari
Cheibriados
Dithmenos
Elyvilon
Fedhas
Gozag
Kikubaaqudgha
Makhleb
Nemelex Xobeh
Okawaru
Pakellas
Qazlal
Ru
Sif Muna
Trog
Vehumet
Xom
Yredelemnul
Zin
The Shining One

Shops:
D:8 ?   Orc:1 (!**   Orc:2 [![**   Elf:1 (

Portals:
Bazaar: D:12

Annotations:
D:7 Dowan
Shoals:4 Ilsuiw
Elf:3 WhatIsLove's ghost, adept DsMo


Innate Abilities, Weirdness & Mutations

You are small and have problems with some larger weapons.
You are somewhat resistant to further mutation.


Message History

A merfolk impaler comes into view. It is wielding a trident.
The merfolk impaler shouts!
You block the merfolk impaler's attack.
The merfolk impaler hits you but does no damage.
The merfolk impaler completely misses you.
A merfolk javelineer comes into view. It is wielding an antimagic spear.
The merfolk javelineer shouts!
A merfolk javelineer comes into view. It is wielding a spear of venom.
The merfolk javelineer shouts!
A merfolk avatar comes into view.
The merfolk avatar shouts!
A harpy comes into view.
The harpy screeches!
A merfolk comes into view. It is wielding a trident of venom.
The merfolk shouts!
A merfolk impaler comes into view. It is wielding a trident.
The merfolk impaler shouts!
A manticore, 2 harpies and a merfolk impaler come into view.
Unknown command.
You block the harpy's attack. The harpy claws you but does no damage.
The merfolk javelineer throws a poisoned javelin.
The poisoned javelin hits you!
You hear a splash.
The merfolk impaler hits you but does no damage.
The merfolk avatar chants a haunting song.
You are mesmerised by the merfolk avatar!
The merfolk javelineer barely misses you.
The merfolk impaler hits you but does no damage.
The merfolk javelineer throws a poisoned javelin.
The poisoned javelin hits you but does no damage.
You hear a splash.
You see here 2 poisoned javelins.
You take 13 damage, and have 50/137 hp.
Unknown command.
Read which item? (? for menu, Esc to quit)
Really read
A - 4 scrolls of blinking {!r}?
Blink to where?
You are very lightly contaminated with residual magic.
As you read the scroll of blinking {!r}, it crumbles to dust.
You block the merfolk impaler's attack. You block the merfolk's attack.
The manticore completely misses you. The manticore closely misses you.
You block the manticore's attack. The merfolk impaler barely misses you.
The merfolk avatar chants its luring song.
The merfolk javelineer hits you but does no damage.
The harpy closely misses you. You block the harpy's attack.
The merfolk impaler barely misses you.
The merfolk javelineer hits you from afar with an antimagic spear!
You feel your power leaking away.
You take 7 damage, and have 43/137 hp.
You now have 26/28 mp.
You pick up the barnacled rune and feel its power.
Press } to see all the runes you have collected.
You block the harpy's attack. x2; The harpy claws you!
* * * LOW HITPOINT WARNING * * *
You block the harpy's attack.
The merfolk javelineer barely misses you.
The merfolk impaler hits you with a trident of venom!
* * * LOW HITPOINT WARNING * * *
You block the harpy's attack. The harpy claws you.
* * * LOW HITPOINT WARNING * * *
The manticore bites you but does no damage.
The manticore claws you but does no damage.
The manticore closely misses you.
The merfolk hits you but does no damage.
The merfolk avatar chants its luring song.
The merfolk impaler barely misses you. The merfolk impaler misses you.
The merfolk javelineer hits you but does no damage.
The merfolk javelineer barely misses you.
You take 21 damage, and have 22/137 hp.
Unknown command.
Unknown command.
Unknown command.
Read which item? (? for menu, Esc to quit)
Really read
A - 3 scrolls of blinking {!r}?
Blink to where?
You cannot blink away from the merfolk avatar!
Blink to where?
Okay, then.
Read which item? (? for menu, Esc to quit)
Really read
A - 3 scrolls of blinking {!r}?
Blink to where?
Okay, then.
The harpy completely misses you. The harpy claws you but does no damage.
The harpy misses you. The harpy completely misses you.
The merfolk javelineer completely misses you.
You block the merfolk impaler's attack.
The merfolk impaler completely misses you.
You block the harpy's attack. x2; The manticore completely misses you.
The manticore claws you but does no damage.
The manticore completely misses you.
The merfolk avatar chants its luring song.
The merfolk misses you.
The merfolk javelineer completely misses you.
The merfolk impaler hits you but does no damage.
The merfolk javelineer hits you but does no damage.
You puncture the manticore! The harpy closely misses you. The harpy misses you.
You block the merfolk javelineer's attack.
The merfolk impaler hits you with a trident of venom.
* * * LOW HITPOINT WARNING * * *
The manticore bites you!
You die...

####### ##≈≈≈ ##≈≈m≈≈##
##≈#.c #≈#mmH≈≈## #≈#|.
#@Hmm≈≈≈# #≈..≈
#≈mHHm≈#(≈# #≈.≈≈#
#≈m≈≈##≈≈≈# #≈.≈≈#
#≈≈≈≈#≈≈≈≈# . #≈.)#≈
#≈≈≈#≈≈≈#≈# .. #≈.†.
......##≈≈≈≈≈# #≈....##≈)(
.......##≈≈≈≈.#.≈≈....####
..[....≈######..≈≈........
.......≈≈≈≈≈≈≈≈.≈≈≈.......


You could see a merfolk avatar, 3 merfolk impalers, 3 merfolk javelineers, a
merfolk, a manticore and 3 harpies.

Vanquished Creatures
  4 deep elf blademasters (Elf:3)
  2 deep elf master archers (Elf:3)
  5 deep elf sorcerers (Elf:3)
  Maud (D:13)
  A deep elf elementalist (Elf:3)
  5 deep elf demonologists
  3 deep elf annihilators (Elf:3)
  4 deep elf death magi (Elf:3)
  Snorg (D:10)
  A merfolk javelineer (Shoals:4)
  A minotaur (Lab)
  A deep elf high priest (Elf:3)
  A minotaur (shapeshifter) (Elf:3)
  2 merfolk impalers
  4 vault guards (D:14)
  An ice dragon (Lair:8)
  Fannar (D:12)
  A yaktaur captain (D:15)
  2 ogre magi
  8 hydras
  A hydra (shapeshifter) (Elf:2)
  Erica (D:9)
  A merfolk aquamancer (Shoals:4)
  A tengu warrior (D:14)
  An anaconda (Snake:1)
  6 orc high priests
  4 centaur warriors
  5 death yaks
  34 dancing weapons
  Urug (Lair:2)
  Sonja (D:10)
  14 deep elf knights
  2 wizards
  4 sea snakes
  2 unseen horrors
  9 deep elf archers
  2 lindwurms (Lair:8)
  7 harpies
  6 orc knights
  4 hill giants
  Pikel (D:8)
  A hornet (shapeshifter) (D:14)
  53 deep elf magi
  An oklob plant (D:11)
  3 orc sorcerers (Orc:2)
  A worldbinder (Abyss:2)
  3 cyclopes
  2 water nymphs
  A salamander (Snake:1)
  5 griffons
  16 elephants
  7 manticores
  4 centaur zombies
  A naga mage (Snake:1)
  10 black mambas
  A siren (Shoals:2)
  Psyche (D:12)
  A black mamba (shapeshifter) (Elf:3)
  7 torpor snails
  A gargoyle (D:14)
  8 komodo dragons
  An efreet (D:15)
  9 spiny frogs
  3 kobold demonologists (D:15)
  A yaktaur (D:15)
  A fire drake (Lair:2)
  2 tengu conjurers
  A redback zombie (D:14)
  7 merfolk
  5 trolls
  A wind drake (Shoals:1)
  A merfolk (shapeshifter) (Elf:3)
  6 giant leeches (Lair:8)
  5 polar bears
  A harpy skeleton (D:15)
  6 two-headed ogres
  11 blink frogs
  The ghost of RedPan the Poker, an amateur MfSk (D:5)
  7 slime creatures
  6 snapping turtles
  2 boulder beetles
  6 air elementals
  A raiju (shapeshifter) (Elf:3)
  A flying skull (Volcano)
  6 water elementals
  A spriggan (Lair:6)
  A shadow (D:11)
  4 vampires
  35 yaks
  2 wraiths
  2 wyverns
  2 hogs (D:8)
  The ghost of Starbucks the Charmwright, an amateur DrSk (D:4)
  2 humans
  4 basilisks
  5 fire elementals
  3 wolves (Lair:6)
  12 hippogriffs
  3 hungry ghosts
  2 steam dragons
  The ghost of RedPan the Poker, an amateur MfSk (D:3)
  A mottled dragon (D:14)
  11 vampire mosquitoes
  A naga (Snake:1)
  A warg (Orc:1)
  16 water moccasins
  9 porcupines
  Duvessa (D:7)
  A swamp drake (D:12)
  5 ice beasts
  A necrophage (D:9)
  4 sky beasts
  An ogre (shapeshifter) (D:15)
  24 orc warriors
  15 ogres
  4 black bears
  7 wasps
  4 slaves
  3 boggarts (D:14)
  An eye of draining (D:9)
  5 phantoms
  17 centaurs
  5 big kobolds
  10 crocodiles
  28 giant frogs
  A wyvern zombie (D:11)
  4 earth elementals
  A water moccasin skeleton (D:6)
  3 scorpions
  12 killer bees
  4 wights (D:7)
  6 crimson imps
  6 jellies
  2 giant frog zombies (D:13)
  A quasit (D:7)
  9 hounds
  14 orc priests
  6 centaur skeletons
  A giant frog skeleton (D:8)
  24 orc wizards
  9 iguanas
  13 worker ants
  A killer bee zombie (D:9)
  15 sheep
  A hound skeleton (D:6)
  A worker ant zombie (D:9)
  A mummy (Volcano)
  3 gnolls
  19 adders
  24 river rats
  3 shadow imps
  5 oozes
  2 adder skeletons
  19 worms
  5 giant geckos
  85 orcs
  15 bats
  A giant cockroach (D:7)
  4 goblins
  7 hobgoblins
  14 jackals
  14 kobolds
  5 quokkas
  2 ball pythons
  A giant gecko skeleton (D:7)
  8 giant newts
  2 jackal zombies
  2 quokka skeletons
  2 quokka zombies
  10 rats
  A bush (Abyss:4)
  A butterfly (Lair:7)
  A pillar of salt (Elf:1)
  3 plants
1022 creatures vanquished.

Vanquished Creatures (collateral kills)
  A deep elf demonologist (Elf:3)
  3 deep elf magi (Elf:3)
  2 black mambas (Lair:4)
  A fire elemental (Elf:3)
  An adder (Lair:4)
  A plant (Lair:4)
9 creatures vanquished.

Vanquished Creatures (others)
  3 deep elf master archers (Elf:3)
  2 deep elf archers
  An ugly thing (D:11)
  A deep elf mage (Elf:1)
  3 trolls (D:11)
  A yak (D:11)
  A human (D:9)
  2 centaurs
  A giant frog (D:11)
  An orc priest (Orc:2)
  An orc wizard (D:13)
  A worker ant zombie (D:11)
  An orc (Elf:1)
  3 bushes
  25 fungi
  A lurking horror (Abyss:2)
  5 pillars of salt
  25 plants
78 creatures vanquished.

Grand Total: 1109 creatures vanquished

Notes
Turn   | Place    | Note
--------------------------------------------------------------
     0 | D:1      | MackTheKnife the Halfling Wanderer began the quest for the Orb.
     0 | D:1      | MackTheKnife set off with: a +2 scale mail, a +0 shortbow, 27 arrows, a potion of lignification {!q}, a bread ration {@e1}
     0 | D:1      | Reached XP level 1. HP: 13/13 MP: 1/1
   124 | D:1      | Reached XP level 2. HP: 13/18 MP: 2/2
   362 | D:1      | Reached skill level 2 in Short Blades
   751 | D:2      | Reached XP level 3. HP: 23/23 MP: 3/3
   886 | D:2      | Reached skill level 3 in Short Blades
  1042 | D:2      | Reached skill level 4 in Short Blades
  1042 | D:2      | Reached XP level 4. HP: 21/28 MP: 4/4
  1362 | D:3      | Noticed RedPan's ghost (amateur MfSk)
  1574 | D:3      | Killed RedPan's ghost
  1574 | D:3      | Reached skill level 6 in Short Blades
  1574 | D:3      | Reached XP level 5. HP: 21/33 MP: 5/5
  1574 | D:3      | Reached XP level 6. HP: 24/38 MP: 6/6
  1637 | D:3      | Reached skill level 7 in Short Blades
  1721 | D:3      | Found a stormy altar of Qazlal.
  1821 | D:3      | Found an oddly glowing altar of Pakellas.
  2307 | D:4      | Noticed an ogre
  2316 | D:4      | Killed an ogre
  2316 | D:4      | Reached skill level 8 in Short Blades
  2394 | D:4      | Reached XP level 7. HP: 41/43 MP: 7/7
  2538 | D:4      | Reached skill level 9 in Short Blades
  2643 | D:4      | Noticed Starbucks's ghost (amateur DrSk)
  2676 | D:4      | Killed Starbucks's ghost
  2676 | D:4      | Reached skill level 10 in Short Blades
  2805 | D:4      | Reached XP level 8. HP: 48/48 MP: 8/8
  3071 | D:5      | Entered Level 5 of the Dungeon
  3171 | D:5      | Found an iron altar of Okawaru.
  3192 | D:5      | Noticed RedPan's ghost (amateur MfSk)
  3221 | D:5      | HP: 6/48 [RedPan's ghost (12)]
  3225 | D:5      | Killed RedPan's ghost
  3225 | D:5      | Reached skill level 11 in Short Blades
  3547 | D:5      | Reached skill level 12 in Short Blades
  3799 | D:6      | Reached skill level 2 in Dodging
  3920 | D:6      | Reached skill level 2 in Fighting
  3925 | D:6      | Reached skill level 3 in Dodging
  3970 | D:6      | Reached XP level 9. HP: 47/55 MP: 9/9
  3980 | D:6      | Found a sparkling altar of Nemelex Xobeh.
  4064 | D:6      | Found a glowing drain.
  4077 | Sewer    | Entered a sewer
  4087 | Sewer    | Reached skill level 3 in Fighting
  4246 | Sewer    | Reached skill level 4 in Dodging
  4696 | D:6      | Reached skill level 4 in Fighting
  4696 | D:6      | Reached skill level 5 in Dodging
  4935 | D:7      | Reached skill level 6 in Dodging
  5008 | D:7      | Reached skill level 5 in Fighting
  5044 | D:7      | Noticed Dowan
  5045 | D:7      | Noticed Duvessa
  5061 | D:7      | Killed Duvessa
  5378 | D:7      | Found a shimmering altar of Xom.
  5436 | D:7      | Reached skill level 7 in Dodging
  5436 | D:7      | Reached XP level 10. HP: 59/67 MP: 10/10
  5591 | D:7      | Found a staircase to the Ecumenical Temple.
  5595 | Temple   | Entered the Ecumenical Temple
  5624 | Temple   | Became a worshipper of Zin the Law-Giver
  5624 | Temple   | Reached * piety under Zin
  5698 | D:7      | Reached ** piety under Zin
  5893 | D:8      | Noticed Pikel
  5989 | D:8      | Reached skill level 6 in Fighting
  6051 | D:8      | Reached skill level 2 in Stealth
  6145 | D:8      | Reached skill level 3 in Stealth
  6191 | D:8      | Killed Pikel
  6191 | D:8      | Reached skill level 5 in Stealth
  6247 | D:8      | Reached skill level 6 in Stealth
  6400 | D:8      | Found Okogoett's Magic Scroll Shoppe.
  6413 | D:8      | Bought a scroll of fog for 26 gold pieces
  6413 | D:8      | Bought a scroll of identify for 26 gold pieces
  6413 | D:8      | Bought a scroll of identify for 26 gold pieces
  6413 | D:8      | Bought a scroll of magic mapping for 45 gold pieces
  6452 | D:8      | Found a sacrificial altar of Ru.
  6452 | D:8      | Found an ancient bone altar of Kikubaaqudgha.
  6567 | D:8      | Reached skill level 7 in Stealth
  6587 | D:8      | Reached skill level 8 in Stealth
  6659 | D:8      | Reached skill level 1 in Shields
  6743 | D:9      | Reached skill level 2 in Shields
  6755 | D:9      | Reached skill level 3 in Shields
  6841 | D:9      | Reached skill level 4 in Shields
  6865 | D:9      | Reached XP level 11. HP: 38/72 MP: 11/11
  7120 | D:9      | Reached *** piety under Zin
  7217 | D:9      | Noticed Erica
  7239 | D:9      | Killed Erica
  7239 | D:9      | Reached skill level 6 in Shields
  7379 | D:9      | Found an ancient bone altar of Kikubaaqudgha.
  7449 | D:9      | Found an opulent altar of Gozag.
  7580 | D:10     | Entered Level 10 of the Dungeon
  7592 | D:10     | Noticed Sonja
  7630 | D:10     | Killed Sonja
  7630 | D:10     | Reached skill level 7 in Shields
  7648 | D:10     | Reached skill level 8 in Shields
  7963 | D:10     | Noticed a hill giant
  7967 | D:10     | Killed a hill giant
  7990 | D:10     | Noticed Snorg
  8031 | D:10     | Killed Snorg
  8031 | D:10     | Reached skill level 8 in Dodging
  8581 | D:10     | Reached skill level 7 in Fighting
  8620 | D:10     | Reached **** piety under Zin
  8778 | D:11     | Killed a white ugly thing
  8830 | D:11     | Noticed a manticore
  8831 | D:11     | Found a shimmering altar of Xom.
  8839 | D:11     | Killed a manticore
  8840 | D:11     | Reached skill level 9 in Dodging
  8845 | D:11     | Reached XP level 12. HP: 49/81 MP: 12/12
  9000 | D:11     | Found a staircase to the Lair.
  9165 | D:11     | Killed an unseen horror
  9176 | D:11     | Reached skill level 8 in Fighting
  9475 | D:11     | Reached skill level 10 in Dodging
  9479 | D:11     | Noticed a five-headed hydra
  9521 | D:11     | Killed a five-headed hydra
  9563 | D:11     | HP: 20/84 [manticore (23)]
  9563 | D:11     | HP: 7/84 [manticore (13)]
 10125 | D:11     | Reached skill level 9 in Fighting
 10166 | Lair:1   | Entered Level 1 of the Lair of Beasts
 10270 | Lair:1   | Got a pitted hand axe
 10518 | Lair:1   | Reached ***** piety under Zin
 10611 | Lair:2   | Found a dark tunnel.
 10623 | Volcano  | Entered a volcano
 10680 | Volcano  | Reached skill level 9 in Stealth
 11040 | Lair:2   | Noticed a five-headed hydra
 11049 | Lair:2   | Killed a five-headed hydra
 11049 | Lair:2   | Reached skill level 10 in Stealth
 11053 | Lair:2   | Noticed Urug
 11081 | Lair:2   | Killed Urug
 11081 | Lair:2   | Reached XP level 13. HP: 66/90 MP: 11/13
 11185 | Lair:2   | Reached skill level 11 in Stealth
 11926 | Lair:3   | Reached skill level 12 in Stealth
 12068 | Lair:3   | Reached skill level 1 in Invocations
 12090 | Lair:3   | Reached skill level 2 in Invocations
 12247 | Lair:3   | Reached skill level 3 in Invocations
 12441 | Lair:3   | Reached skill level 4 in Invocations
 12678 | Lair:4   | Reached skill level 5 in Invocations
 12740 | Lair:4   | Reached skill level 6 in Invocations
 12747 | Lair:4   | Found a staircase to the Snake Pit.
 12765 | Lair:4   | HP: 16/90 [black mamba (11)]
 12772 | Lair:4   | HP: 16/90 [black mamba (3)]
 13290 | Lair:4   | Reached skill level 7 in Invocations
 13478 | Lair:4   | Reached skill level 8 in Invocations
 13984 | Lair:4   | Noticed a four-headed hydra
 14004 | Lair:4   | Killed a four-headed hydra
 14004 | Lair:4   | Reached skill level 9 in Invocations
 14311 | Lair:4   | Noticed a four-headed hydra
 14514 | Lair:5   | Noticed a five-headed hydra
 14521 | Lair:5   | Killed a five-headed hydra
 14521 | Lair:5   | Reached XP level 14. HP: 97/97 MP: 21/21
 14603 | Lair:5   | Reached skill level 10 in Invocations
 14836 | Lair:5   | Got a scorched hunting sling
 14956 | Lair:5   | Found a staircase to the Shoals.
 15259 | Lair:6   | Reached skill level 11 in Invocations
 15391 | Lair:6   | Reached ****** piety under Zin
 16272 | Lair:7   | Reached skill level 12 in Invocations
 16458 | Lair:7   | Found a staircase to the Slime Pits.
 16788 | Lair:7   | Reached skill level 13 in Invocations
 17043 | Lair:7   | Got a scorched rapier
 17048 | Lair:7   | Identified the +7 rapier of Valiance {pain, *Drain Int+4 SInv} (You found it on level 7 of the Lair of Beasts)
 17279 | Lair:7   | Reached skill level 11 in Dodging
 17528 | Lair:8   | Entered Level 8 of the Lair of Beasts
 17541 | Lair:8   | Reached skill level 4 in Armour
 17563 | Lair:8   | Found a labyrinth entrance.
 17572 | Lab      | Entered a labyrinth
 17925 | Lab      | HP: 10/97 [minotaur/glaive (22)]
 17933 | Lab      | Got an ancient leather armour
 18163 | Lab      | Identified the cursed +1 leather armour of Gutrones {rC+ MR+ Regen+ Stlth+} (You found it in a labyrinth)
 18220 | Lair:8   | Got a polished falchion
 18221 | Lair:8   | Identified the +6 falchion of Wondrous Power {slice, rF+ rN+++ Str+2 Dex-2} (You found it on level 8 of the Lair of Beasts)
 18698 | Lair:8   | Reached skill level 5 in Armour
 18736 | Lair:6   | HP: 19/97 [death yak (25)]
 18781 | Lair:6   | Reached XP level 15. HP: 48/102 MP: 24/24
 18974 | Lair:8   | Found a runed door.
 19401 | Lair:8   | Reached skill level 10 in Fighting
 19446 | Lair:8   | Reached skill level 6 in Armour
 19802 | D:12     | Noticed Psyche
 19803 | D:12     | Killed Psyche
 19837 | D:12     | Noticed Fannar
 19840 | D:12     | Killed Fannar
 19840 | D:12     | Reached skill level 12 in Dodging
 20036 | D:12     | Found a gateway to a bazaar.
 20246 | D:12     | Reached skill level 7 in Armour
 20312 | D:12     | Found a staircase to the Orcish Mines.
 20369 | Orc:1    | Entered Level 1 of the Orcish Mines
 20386 | Orc:1    | Found Fonaiwikk's Assorted Antiques.
 20427 | Orc:1    | Found Vumen's General Store.
 20472 | Orc:1    | Found Feetyze's Distillery.
 20474 | Orc:1    | Bought a scroll of identify for 24 gold pieces
 20482 | Orc:1    | Bought a potion of heal wounds for 75 gold pieces
 20482 | Orc:1    | Bought a potion of heal wounds for 75 gold pieces
 20482 | Orc:1    | Bought 2 potions of curing for 90 gold pieces
 20482 | Orc:1    | Bought a potion of curing for 45 gold pieces
 20482 | Orc:1    | Bought a potion of curing for 45 gold pieces
 20628 | Orc:1    | Found Son Tikecve's Weapon Shoppe.
 20807 | Orc:2    | Entered Level 2 of the Orcish Mines
 20915 | Orc:2    | Found Xobes's Assorted Antiques.
 21289 | Orc:2    | Reached skill level 8 in Armour
 21338 | Orc:2    | Found Fatac's Assorted Antiques.
 21338 | Orc:2    | Found Pisyss's Antique Armour Boutique.
 21340 | Orc:2    | Found Vaohid's Armour Emporium.
 21340 | Orc:2    | Found Qeddaefoa's Distillery.
 21357 | Orc:2    | Bought a twisted fire dragon armour for 1755 gold pieces
 21357 | Orc:2    | Identified the +8 fire dragon armour "Buipacsium" {+Fly rF++ rC- SInv, rF++, rC-} (You bought it in a shop on level 2 of the Orcish Mines)
 21405 | Orc:2    | Found a staircase to the Elven Halls.
 21409 | Orc:2    | Reached skill level 11 in Fighting
 21579 | Orc:2    | Bought a potion of heal wounds for 80 gold pieces
 21579 | Orc:2    | Bought a potion of heal wounds for 80 gold pieces
 21579 | Orc:2    | Bought a potion of heal wounds for 80 gold pieces
 21579 | Orc:2    | Bought a potion of heal wounds for 80 gold pieces
 22463 | D:13     | Noticed Maud
 22490 | D:13     | Killed Maud
 22490 | D:13     | Reached skill level 9 in Armour
 22775 | D:14     | Reached XP level 16. HP: 112/112 MP: 25/25
 22874 | D:14     | Found a glowing golden altar of the Shining One.
 22903 | D:14     | Identified a +0 iron rod (10/10) (You found it on level 13 of the Dungeon)
 23279 | D:14     | Reached skill level 10 in Armour
 23283 | D:14     | Found a gate to the Vaults.
 23713 | D:14     | Reached skill level 12 in Fighting
 24026 | D:15     | Entered Level 15 of the Dungeon
 24237 | D:15     | Reached skill level 11 in Armour
 24713 | D:15     | Found a staircase to the Depths.
 25318 | Elf:1    | Entered Level 1 of the Elven Halls
 25686 | Elf:1    | Reached skill level 12 in Armour
 25727 | Elf:1    | HP: 23/116 [glaive of freezing (15)]
 26014 | Elf:1    | Found Bapyge's Weapon Shoppe.
 26539 | Elf:1    | Reached skill level 13 in Fighting
 26539 | Elf:1    | Reached XP level 17. HP: 110/122 MP: 26/26
 27230 | Elf:1    | Reached skill level 13 in Armour
 28171 | Elf:2    | Found a runed gate.
 28171 | Elf:2    | Found a runed gate.
 28174 | Elf:2    | Found a runed gate.
 28253 | Elf:2    | Reached skill level 13 in Dodging
 28928 | Elf:2    | HP: 21/124 [war axe of electrocution (20)]
 29114 | Elf:2    | Reached skill level 14 in Dodging
 29469 | Elf:2    | Reached XP level 18. HP: 130/130 MP: 27/27
 29593 | Elf:3    | Entered Level 3 of the Elven Halls
 29826 | Elf:3    | Reached skill level 15 in Dodging
 30142 | Elf:3    | Found a deep blue altar of Sif Muna.
 30416 | Elf:3    | Noticed a deep elf blademaster
 30451 | Elf:3    | Killed a deep elf blademaster
 30964 | Elf:3    | Noticed a deep elf blademaster
 30993 | Elf:3    | Killed a deep elf blademaster
 30993 | Elf:3    | Reached skill level 16 in Dodging
 31234 | Elf:3    | Noticed a deep elf blademaster
 31253 | Elf:3    | Killed a deep elf blademaster
 31570 | Elf:3    | Noticed a deep elf master archer
 31578 | Elf:3    | Upgraded the game from 0.18-a0-1308-g45b86c9 to 0.18-a0-1358-gd0e7041
 31630 | Elf:3    | Killed a deep elf master archer
 31989 | Elf:3    | Noticed a deep elf master archer
 31996 | Elf:3    | Killed a deep elf master archer
 31996 | Elf:3    | Reached skill level 17 in Dodging
 32139 | Elf:3    | Noticed a deep elf master archer
 32343 | Elf:3    | Noticed WhatIsLove's ghost (adept DsMo)
 32420 | Elf:3    | HP: 30/130 [WhatIsLove's ghost/nerve-wracking pain (27)]
 32925 | Elf:3    | Noticed a deep elf blademaster
 32945 | Elf:3    | Cast into level 2 of the Abyss (a deep elf sorcerer)
 33119 | Elf:3    | Escaped the Abyss
 33418 | Elf:3    | Noticed a deep elf master archer
 33419 | Elf:3    | Noticed a deep elf master archer
 33446 | Elf:3    | Cast into level 3 of the Abyss (a deep elf sorcerer)
 33587 | Abyss:5  | Entered Level 5 of the Abyss
 33605 | Elf:3    | Escaped the Abyss
 33621 | Elf:3    | Reached skill level 14 in Fighting
 33668 | Elf:3    | Killed a deep elf master archer
 33824 | Elf:3    | Killed a deep elf master archer
 33824 | Elf:3    | Reached XP level 19. HP: 94/137 MP: 28/28
 33840 | Elf:3    | Got a crude bone ring
 34021 | Elf:3    | Identified the ring "Nuluab" {rN+ Int+6} (You took it off a deep elf master archer on level 3 of the Elven Halls)
 34334 | Elf:3    | Killed a deep elf blademaster
 34336 | Elf:3    | Got a spiked plate armour
 34336 | Elf:3    | Got a coiled copper ring
 34338 | Elf:3    | Identified the ring of Woriecs {rPois rC+ Dex-4 SInv Stlth-} (You took it off a deep elf blademaster on level 3 of the Elven Halls)
 34691 | Elf:3    | Got a bloodstained dagger
 34714 | Elf:3    | Got a crude hunting sling
 34721 | Elf:3    | Identified a +4 rod of ignition (13/13) (You found it on level 3 of the Elven Halls)
 34722 | Elf:3    | Identified the cursed +1 dagger of the Endless March {pierce, rPois MR+ Int-2} (You found it on level 3 of the Elven Halls)
 34726 | Elf:3    | Identified the Incunabulum of Confrontation and Snow
 35328 | Snake:1  | Entered Level 1 of the Snake Pit
 35358 | Snake:1  | Reached skill level 13 in Short Blades
 35464 | Shoals:1 | Entered Level 1 of the Shoals
 35568 | Shoals:1 | Identified the Almanac of Icy Weightlessness (You found it on level 1 of the Shoals)
 35601 | Shoals:1 | Reached skill level 14 in Short Blades
 35701 | Shoals:1 | Learned a level 2 spell: Swiftness
 35917 | Shoals:2 | Reached skill level 15 in Short Blades
 36024 | Shoals:3 | HP: 33/137 [drowned by a water elemental (5)]
 36382 | Shoals:4 | Entered Level 4 of the Shoals
 36396 | Shoals:4 | Noticed Ilsuiw
 36726 | Shoals:4 | Reached skill level 16 in Short Blades
 36917 | Shoals:4 | Got a pair of dazzling gloves
 36918 | Shoals:4 | Identified the +2 pair of gloves of Midwinter {+Inv rN+ MR-} (You found it on level 4 of the Shoals)
 37068 | Shoals:4 | Got a barnacled rune of Zot
 37068 | Shoals:4 | HP: 34/137 [harpy (10)]
 37070 | Shoals:4 | HP: 16/137 [merfolk impaler/trident of venom (6)]
 37070 | Shoals:4 | Slain by a manticore

Vault maps used:
D:1:      grunt_arrival_lava_bath
D:2:      bh_walls_and_bars
D:3:      lemuel_crystal_altar, lemuel_round_altar, first_bread
D:4:      minmay_divided_ellipse
D:5:      minmay_misc_feat_pillars, okawaru_trees_2
D:6:      nicolae_overflow_crystal_walls, portal_sewer_entry_d
D:7:      kennysheep_mini, temple_hall_moat, patterned_corridor, uniq_duvessa
D:8:      gammafunk_temple_overflow_wave, serial_shops, shop_scrolls,
          grunt_livestock, uniq_pikel
D:9:      marbit_many_paths, glass_columns_a, tgw_kikubaaqudgha, uniq_erica
D:10:     minmay_orc_keep, uniq_snorg, uniq_sonja
D:11:     dpeg_oklobed_lair, xom_confusion_cloud
D:12:     erik_orc_1, serial_shops, bzr_in_the_mist, lemuel_flame_loot_1,
          uniq_fannar, uniq_psyche
D:13:     uniq_maud
D:14:     grunt_vaults_entry_fortified, old_standard_altar,
          kennysheep_generic_room_5
D:15:     grunt_enter_depths_snipers, dk_noncrumbling_2
Temple:   circular_temple_12
Lair:2:   enter_volcano_3, st_stairs_3, serial_bayou_shore_a, lemuel_fruit_tree,
          uniq_urug
Lair:4:   minmay_snake_entry_six_corridors, st_stairs_5, wad_woods_river_02,
          serial_bayou_shore_b, infiniplex_staircase_pool_2
Lair:5:   minmay_shoals_entry_hut, grunt_forest_small_clearing_treed
Lair:6:   wad_woods_structure_01, grunt_forest_stairs_clearing
Lair:7:   minmay_slime_entry_pillars, serial_bayou_shore_b, lemuel_fruit_fields,
          grunt_megastairs_2
Lair:8:   wormcave, lab_entry_generic, grunt_megastairs_4,
          infiniplex_staircase_pool
Shoals:1: nicolae_shoals_seven_spires
Shoals:2: nicolae_shoals_loop_pool
Shoals:3: yaktaur_hedge
Shoals:4: shoals_end_hangedman, shoals_ilsuiw_alternative, serial_shops,
          nicolae_shop_waterfront, nicolae_shoals_stone_sculpture_thing,
          nicolae_shoals_aquamancer_cove
Snake:1:  nicolae_snake_salamander_stairs
Orc:1:    serial_shops, nicolae_shop_crystal, shop, shop,
          nicolae_shop_overgrown_old_shop
Orc:2:    grunt_orc_tribal_feast, serial_shops, shop
Elf:1:    eino_elf_arrival_shootout, serial_shops, nicolae_shop_stone,
          orc_legates
Elf:3:    minmay_elf_hall, nrook_mini_backslash, david_defended_altar_elf
Abyss:3:  evilmike_abyss_exit_disperse
Abyss:4:  minivault_27, grunt_abyss_rune_wretched_hive
Abyss:5:  evilmike_abyss_exit_4, hangedman_decor_points, hangedman_abyss_theft,
          abyss_rune_water_cross, evilmike_abyss_exit_1, due_exit_kobolds
Lab:      nicolae_lab_dead_adventurers, lab_hedge, labyrinth_lava_lair,
          nicolae_lab_hexagon
Sewer:    sewer_fruit_machine
Volcano:  volcano_tomb

Action                   |  1- 3 |  4- 6 |  7- 9 | 10-12 | 13-15 | 16-18 | 19-21 || total
-------------------------+-------+-------+-------+-------+-------+-------+-------++-------
Melee: Dagger            |    22 |       |       |       |       |       |       ||    22
       Short sword       |    72 |   113 |   346 |   736 |  1844 |  1808 |   549 ||  5468
 Fire: Shortbow          |     7 |       |       |       |       |       |       ||     7
Invok: Vitalisation      |       |       |       |     2 |     7 |    19 |     8 ||    36
       Recite            |       |       |       |       |     6 |    14 |     6 ||    26
       Imprison          |       |       |       |       |       |       |     1 ||     1
Evoke: Wand              |       |     1 |       |     4 |     5 |     6 |       ||    16
  Use: Scroll            |       |    12 |    10 |    12 |    15 |    11 |     9 ||    69
       Potion            |       |       |     2 |     1 |     6 |    20 |       ||    29
 Stab: Sleeping          |       |       |     1 |    24 |    53 |    28 |     4 ||   110
       Paralysed         |       |       |       |     2 |    14 |     1 |     1 ||    18
       Distracted        |       |       |       |       |    15 |     8 |     1 ||    24
       Invisible         |       |       |       |       |     6 |     2 |       ||     8
       Confused          |       |       |       |       |     6 |    18 |     7 ||    31
  Eat: Chunk             |       |     4 |    11 |     8 |    28 |     4 |     2 ||    57
       Beef jerky        |       |       |       |     1 |     2 |     2 |       ||     5
       Pizza             |       |       |       |     2 |     5 |     2 |       ||     9
       Bread ration      |       |       |       |     1 |       |     3 |     2 ||     6
       Meat ration       |       |       |       |       |       |     3 |       ||     3

Vault maps used:
D:1:      grunt_arrival_lava_bath
D:2:      bh_walls_and_bars
D:3:      lemuel_crystal_altar, lemuel_round_altar, first_bread
D:4:      minmay_divided_ellipse
D:5:      minmay_misc_feat_pillars, okawaru_trees_2
D:6:      nicolae_overflow_crystal_walls, portal_sewer_entry_d
D:7:      kennysheep_mini, temple_hall_moat, patterned_corridor, uniq_duvessa
D:8:      gammafunk_temple_overflow_wave, serial_shops, shop_scrolls,
          grunt_livestock, uniq_pikel
D:9:      marbit_many_paths, glass_columns_a, tgw_kikubaaqudgha, uniq_erica
D:10:     minmay_orc_keep, uniq_snorg, uniq_sonja
D:11:     dpeg_oklobed_lair, xom_confusion_cloud
D:12:     erik_orc_1, serial_shops, bzr_in_the_mist, lemuel_flame_loot_1,
          uniq_fannar, uniq_psyche
D:13:     uniq_maud
D:14:     grunt_vaults_entry_fortified, old_standard_altar,
          kennysheep_generic_room_5
D:15:     grunt_enter_depths_snipers, dk_noncrumbling_2
Temple:   circular_temple_12
Lair:2:   enter_volcano_3, st_stairs_3, serial_bayou_shore_a, lemuel_fruit_tree,
          uniq_urug
Lair:4:   minmay_snake_entry_six_corridors, st_stairs_5, wad_woods_river_02,
          serial_bayou_shore_b, infiniplex_staircase_pool_2
Lair:5:   minmay_shoals_entry_hut, grunt_forest_small_clearing_treed
Lair:6:   wad_woods_structure_01, grunt_forest_stairs_clearing
Lair:7:   minmay_slime_entry_pillars, serial_bayou_shore_b, lemuel_fruit_fields,
          grunt_megastairs_2
Lair:8:   wormcave, lab_entry_generic, grunt_megastairs_4,
          infiniplex_staircase_pool
Shoals:1: nicolae_shoals_seven_spires
Shoals:2: nicolae_shoals_loop_pool
Shoals:3: yaktaur_hedge
Shoals:4: shoals_end_hangedman, shoals_ilsuiw_alternative, serial_shops,
          nicolae_shop_waterfront, nicolae_shoals_stone_sculpture_thing,
          nicolae_shoals_aquamancer_cove
Snake:1:  nicolae_snake_salamander_stairs
Orc:1:    serial_shops, nicolae_shop_crystal, shop, shop,
          nicolae_shop_overgrown_old_shop
Orc:2:    grunt_orc_tribal_feast, serial_shops, shop
Elf:1:    eino_elf_arrival_shootout, serial_shops, nicolae_shop_stone,
          orc_legates
Elf:3:    minmay_elf_hall, nrook_mini_backslash, david_defended_altar_elf
Abyss:3:  evilmike_abyss_exit_disperse
Abyss:4:  minivault_27, grunt_abyss_rune_wretched_hive
Abyss:5:  evilmike_abyss_exit_4, hangedman_decor_points, hangedman_abyss_theft,
          abyss_rune_water_cross, evilmike_abyss_exit_1, due_exit_kobolds
Lab:      nicolae_lab_dead_adventurers, lab_hedge, labyrinth_lava_lair,
          nicolae_lab_hexagon
Sewer:    sewer_fruit_machine
Volcano:  volcano_tomb

Table legend:
 A = Turns spent in this place as a percentage of turns spent in the entire game.
 B = Non-inter-level travel turns spent in this place as a percentage of non-inter-level travel turns spent in the entire game.
 C = Inter-level travel turns spent in this place as a percentage of turns spent in this place.
 D = Turns resting spent in this place as a percentage of non-inter-level travel turns spent in this place.
 E = Turns spent auto-exploring this place as a percentage of non-inter-level travel turns spent in this place.
 F = Non-inter-level travel turns spent in this place divided by the number of levels of this place that you've seen.
                   A       B       C       D       E      F
               +-------+-------+-------+-------+-------+----------------------
         Total | 100.0 | 100.0 |   0.3 |   2.0 |   4.9 | 363.4
       Dungeon |  34.9 |  34.8 |   0.5 |   1.3 |   8.3 | 346.1
        Temple |   0.3 |   0.3 |   0.0 |   0.0 |   0.0 |  46.0
          Lair |  21.8 |  21.8 |   0.5 |   1.7 |   4.9 | 406.2
        Shoals |   7.6 |   7.7 |   0.0 |   2.2 |   0.0 | 285.8
     Snake Pit |   0.7 |   0.7 |   0.0 |   0.0 |   0.0 | 103.0
  Orcish Mines |   3.4 |   3.4 |   0.6 |   0.0 |   9.0 | 256.0
   Elven Halls |  24.3 |  24.4 |   0.1 |   3.6 |   2.4 | 1211.3
         Abyss |   1.8 |   1.8 |   0.0 |   1.5 |   0.0 |  68.8
     Labyrinth |   2.7 |   2.7 |   0.0 |   4.3 |   0.0 | 399.0
         Sewer |   0.9 |   0.9 |   0.0 |   0.0 |   5.0 | 140.0
       Volcano |   1.4 |   1.4 |   0.0 |   0.0 |   0.0 | 207.0
               +-------+-------+-------+-------+-------+----------------------

Table legend:
 A = Kills in this place as a percentage of kills in entire the game.
 B = Kills by you in this place as a percentage of kills by you in the entire game.
 C = Kills by friends in this place as a percentage of kills by friends in the entire game.
 D = Other kills in this place as a percentage of other kills in the entire game.
 E = Experience gained in this place as a percentage of experience gained in the entire game.
 F = Experience gained in this place divided by the number of levels of this place that you have seen.
                   A       B       C       D       E      F
               +-------+-------+-------+-------+-------+----------------------
         Total | 100.0 | 100.0 | 100.0 | 100.0 | 100.0 | 7307.3
       Dungeon |  44.8 |  45.2 |   0.0 |  45.5 |  22.8 | 4563.9
          Lair |  24.9 |  25.0 |  37.5 |   0.0 |  19.5 | 7291.4
        Shoals |   4.0 |   4.1 |   0.0 |   0.0 |   6.6 | 4907.0
     Snake Pit |   0.5 |   0.5 |   0.0 |   0.0 |   0.8 | 2518.0
  Orcish Mines |   6.1 |   6.3 |   0.0 |   0.0 |   4.1 | 6090.5
   Elven Halls |  17.4 |  16.7 |  62.5 |  54.5 |  45.4 | 45298.0
         Abyss |   0.2 |   0.2 |   0.0 |   0.0 |   0.2 | 152.2
     Labyrinth |   0.2 |   0.2 |   0.0 |   0.0 |   0.4 | 1280.0
         Sewer |   1.5 |   1.5 |   0.0 |   0.0 |   0.0 |  45.0
       Volcano |   0.4 |   0.4 |   0.0 |   0.0 |   0.2 | 655.0
               +-------+-------+-------+-------+-------+----------------------
